 Dungeon Crawl Stone Soup version 0.23-b1-3-gdda8187 (webtiles) character file.

Game seed: 9924291006913719506

63 redwoodhats the Firebug (level 3, -5/28 HPs)
             Began as a Deep Dwarf Fire Elementalist on Jan 31, 2019.
             Slain by Sigmund
             ... wielding a +0 scythe
              (10 damage)
             ... on level 2 of the Dungeon.
             The game lasted 00:22:42 (2215 turns).

redwoodhats the Firebug (DDFE)                      Turns: 2215, Time: 00:22:43

Health: -5/28      AC:  4    Str: 11    XL:     3   Next: 87%
Magic:  0/5        EV: 13    Int: 16    God:
Gold:   55         SH:  0    Dex: 13    Spells: 5/6 levels left

rFire    . . .     SeeInvis .   (no weapon)
rCold    . . .     Gourm    +   (no shield)
rNeg     . . .     Faith    .   a - +0 robe
rPois    +         Spirit   .   (no helmet)
rElec    .         Reflect  .   b - scarf {repulsion}
rCorr    .         Harm     .   k - +0 pair of gloves
MR       .....                  n - +0 pair of boots
Stlth    +.........             m - amulet of the gourmand
HPRegen  0.00/turn              j - ring of poison resistance
MPRegen  0.09/turn              (no ring)

@: confused, very slightly contaminated, non-regenerating, repel missiles
A: damage resistance, heal wounds, sense surroundings 1, wild magic 1, evolution
1, no regeneration
a: Heal Wounds


You were on level 2 of the Dungeon.
You were not hungry.

You visited 1 branch of the dungeon, and saw 3 of its levels.

You collected 55 gold pieces.

Inventory:

Missiles
 e - 5 tomahawks (quivered)
Armour
 a - a +0 robe (worn)
 b - a scarf of repulsion (worn)
 k - a +0 pair of gloves (worn)
 n - a +0 pair of boots (worn)
 o - a +1 ring mail of fire resistance
Jewellery
 j - a ring of poison resistance (left hand)
 m - an amulet of the gourmand (around neck)
Scrolls
 h - a scroll of identify
Comestibles
 c - 6 rations


   Skills:
 + Level 0.1 Fighting
 + Level 2.9 Dodging
 + Level 2.6 Stealth
 + Level 0.7 Unarmed Combat
 + Level 2.2 Spellcasting
 + Level 1.3 Conjurations
 + Level 3.2 Fire Magic


You had 5 spell levels left.
You knew the following spells:

 Your Spells              Type           Power        Failure   Level  Hunger
a - Flame Tongue          Conj/Fire      ##...        12%         1    #......

Your spell library contained the following spells:

 Spells                   Type           Power        Failure   Level  Hunger
 Throw Flame              Conj/Fire      ##....       17%         2    ###....
 Conjure Flame            Conj/Fire      ##......     32%         3    ###....
 Inner Flame              Hex/Fire       #.......     38%         3    ###....
 Sticky Flame             Conj/Fire      ##......     69%         4    #####..
 Fireball                 Conj/Fire      ##........   95%         5    ######.


Dungeon Overview and Level Annotations

Branches:
Dungeon (3/15)

Altars:
Gozag

Annotations:
D:2 Sigmund
D:3 Jessica


Innate Abilities, Weirdness & Mutations

You are resistant to damage.
You can heal yourself by infusing magical energy.
You passively map a small area around you.
You do not regenerate.
Your spells are a little harder to cast, but a little more powerful.
You evolve.


Message History

Confirm with . or Enter, or press ? or * to list all spells.
You can't see any susceptible monsters within range! (Use Z to cast anyway.)
Casting: Flame Tongue (safe; 12% risk of failure)
Confirm with . or Enter, or press ? or * to list all spells.
You don't know that spell.
Casting: Flame Tongue (safe; 12% risk of failure)
Confirm with . or Enter, or press ? or * to list all spells.
You can't see any susceptible monsters within range! (Use Z to cast anyway.)
Casting: Flame Tongue (safe; 12% risk of failure)
Confirm with . or Enter, or press ? or * to list all spells.
Aiming: Flame Tongue (safe; 12% risk of failure)
Press: ? - help, Shift-Dir - straight line The flame tongue hits something.
You hear some strange, mumbled words.
You are confused.
Something hits you!
* * * LOW HITPOINT WARNING * * *
You barely miss something. You closely miss something. Something hits you!
You die...

#......................#.#..
#.............##.......#.#..
#.............##.......#.###
#.............##.......#....
#.............##.......#####
#..................######...
#.............)....# ####
#..................#
#..........@{......#
############.#.....######
##### #...>........####
#...# ###..............
#.[.# #.....####.#### #...#
####### #.# #...# #)##
#...#### #..# #......# ##.#


There were no monsters in sight!

Vanquished Creatures
  An adder (D:2)
  An ooze (D:1)
  A worm (D:2)
  A dart slug (D:1)
  A leopard gecko (D:1)
  3 giant cockroaches (D:1)
  5 hobgoblins
  A ball python (D:2)
  11 bats
  4 frilled lizards (D:1)
  5 goblins
  9 kobolds
  2 rats
45 creatures vanquished.

Notes
Turn   | Place    | Note
-------+----------+-------------------------------------------
     0 | D:1      | redwoodhats the Deep Dwarf Fire Elementalist began the
                  | quest for the Orb.
     0 | D:1      | Reached XP level 1. HP: 15/15 MP: 3/3
   164 | D:1      | Reached skill level 3 in Fire Magic
   185 | D:1      | Reached skill level 1 in Conjurations
   185 | D:1      | Reached XP level 2. HP: 22/22 MP: 0/4
   551 | D:1      | Reached XP level 3. HP: 20/28 MP: 4/6
   846 | D:1      | Gained mutation: You evolve. [potion of mutation]
   846 | D:1      | Gained mutation: Your spells are a little harder to cast,
                  | but a little more powerful. [potion of mutation]
  1194 | D:2      | Noticed Sigmund
  1931 | D:2      | Found an opulent altar of Gozag.
  2059 | D:3      | Noticed Jessica
  2215 | D:2      | Slain by Sigmund

Skill      XL: |  1  2 |
---------------+-------+-----
Fire Magic     | 3 |  3.2
Conjurations   | 1 |  1.3
Spellcasting   | 2 |  2.2
Fighting       | |  0.1
Dodging        | |  2.9
Stealth        | |  2.6
Unarmed Combat | |  0.7

Action                   || total
-------------------------++-------
Melee: Unarmed           ||    70
 Cast: Flame Tongue      ||    79
 Abil: Heal Wounds       ||     3
  Use: Scroll            ||     7
       Potion            ||     6
  Eat: Ration            ||     2
       Chunk             ||     2
Armor: Robe              ||    56
Dodge: Dodged            ||   140
       Deflected         ||     2
